 Dungeon Crawl Stone Soup version 0.21.1-1-g345015f (webtiles) character file.

666 theRoog the Chopper (level 7, -1/91 HPs)
             Began as a Minotaur Berserker on May 14, 2018.
             Was a Priest of Trog.
             Slain by a gnoll (4 damage)
             ... on level 4 of the Dungeon.
             The game lasted 00:04:02 (2540 turns).

theRoog the Chopper (Minotaur Berserker)            Turns: 2540, Time: 00:04:03

Health: -1/91      AC:  7    Str: 29    XL:     7   Next: 31%
Magic:  6/6        EV: 11    Int:  4    God:    Trog [***...]
Gold:   319        SH:  0    Dex:  9    Spells: 6/6 levels left

rFire    . . .     SeeInvis .   a - +0 hand axe
rCold    . . .     Gourm    .   (no shield)
rNeg     . . .     Faith    .   i - +0 scale mail
rPois    .         Spirit   .   (helmet restricted)
rElec    .         Reflect  .   (no cloak)
rCorr    .         Harm     .   (no gloves)
MR       .....                  (no boots)
Stlth    ..........             (no amulet)
HPRegen  0.25/turn              (no ring)
MPRegen  0.10/turn              (no ring)

@: berserking, very quick
A: retaliatory headbutt, horns 2
a: Berserk, Trog's Hand, Burn Spellbooks, Renounce Religion


You were on level 4 of the Dungeon.
You worshipped Trog.
Trog was most pleased with you.
You were hungry.

You visited 1 branch of the dungeon, and saw 4 of its levels.

You collected 319 gold pieces.

Inventory:

Hand Weapons
 a - a +0 hand axe (weapon)
Armour
 b - a +0 animal skin
 f - a +0 ring mail
 i - a +0 scale mail (worn)
Scrolls
 d - 4 scrolls of teleportation {unknown}
 e - 5 scrolls of identify {unknown}
 g - 2 scrolls of remove curse {unknown}
 j - 2 scrolls of magic mapping {unknown}
 l - a scroll of enchant weapon {unknown}
Potions
 h - 2 potions of might {unknown}
 k - 2 potions of heal wounds {unknown}
 m - a potion of curing {unknown}
 n - a potion of mutation {unknown}
 o - a potion of degeneration {unknown}
Comestibles
 c - 7 rations


   Skills:
 + Level 5.4 Fighting
 + Level 7.7 Axes
 + Level 4.6 Armour
 + Level 3.5 Dodging
 + Level 0.9 Stealth


You had 6 spell levels left.
You didn't know any spells.

Dungeon Overview and Level Annotations

Branches:
Dungeon (4/15)
 Temple: D:4-7

Altars:
Fedhas
Kikubaaqudgha
Makhleb
Ru


Innate Abilities, Weirdness & Mutations

You reflexively headbutt those who attack you in melee.
You have a pair of horns on your head.


Message History

The gnoll barely misses you.
Unknown command.
You closely miss the gnoll shaman. You headbutt the gnoll shaman.
The gnoll shaman is heavily wounded.
You barely miss the gnoll. The gnoll barely misses you.
The gnoll closely misses you. The gnoll shaman hits you with a club.
* * * LOW HITPOINT WARNING * * *
You hit the gnoll shaman.
The gnoll shaman is severely wounded.
You closely miss the gnoll. The gnoll barely misses you.
The gnoll hits you but does no damage. The gnoll completely misses you.
Unknown command.
You barely miss the gnoll shaman.
You kill the gnoll shaman!
Trog accepts your kill.
You hit the gnoll. The gnoll closely misses you. The gnoll closely misses you.
The gnoll hits you with a halberd!
* * * LOW HITPOINT WARNING * * *
The gnoll hits you.
You die...

.......>.......'...#
..(............#...#
#####....##....#...#
..###....##....#...#
.........#.....#...#
...............#...#
..........#...##...#
..####....######'###
.. ####.# #.@g.# .
### #gg..# #....#
#....# #....# #....#
##...# #####


You could see 3 gnolls.

Vanquished Creatures
  Grinder (D:3)
  Sigmund (D:3)
  A hound (D:4)
  2 orc wizards (D:3)
  A gnoll shaman (D:4)
  Terence (D:3)
  2 gnolls (D:4)
  6 adders
  4 worms
  2 dart slugs (D:2)
  3 leopard geckos
  7 orcs (D:3)
  A ball python (D:3)
  5 bats
  3 giant cockroaches (D:3)
  2 goblins (D:3)
  11 hobgoblins
  15 jackals
  2 quokkas
  4 frilled lizards
  6 kobolds
  7 rats
87 creatures vanquished.

Notes
Turn   | Place    | Note
-------+----------+-------------------------------------------
     0 | D:1      | theRoog the Minotaur Berserker began the quest for the Orb.
     0 | D:1      | Reached XP level 1. HP: 19/19 MP: 0/0
   380 | D:1      | Reached XP level 2. HP: 26/27 MP: 1/1
   477 | D:1      | Reached skill level 4 in Axes
   758 | D:2      | Reached XP level 3. HP: 32/34 MP: 2/2
   760 | D:2      | Reached ** piety under Trog
   929 | D:2      | Found a faded altar of an unknown god.
  1102 | D:2      | Reached XP level 4. HP: 38/41 MP: 3/3
  1109 | D:2      | Reached skill level 5 in Axes
  1448 | D:3      | Found a sacrificial altar of Ru.
  1531 | D:3      | Reached XP level 5. HP: 47/47 MP: 4/4
  1957 | D:3      | Noticed Terence
  1958 | D:3      | Reached *** piety under Trog
  1965 | D:3      | Killed Terence
  1969 | D:3      | Reached skill level 6 in Axes
  2046 | D:3      | Noticed Grinder
  2057 | D:3      | Killed Grinder
  2057 | D:3      | Reached skill level 5 in Fighting
  2057 | D:3      | Reached XP level 6. HP: 23/56 MP: 5/5
  2090 | D:3      | Reached skill level 7 in Axes
  2246 | D:3      | Found a burning altar of Makhleb.
  2273 | D:3      | Noticed Sigmund
  2279 | D:3      | Killed Sigmund
  2279 | D:3      | Reached XP level 7. HP: 59/61 MP: 6/6
  2324 | D:3      | Found a blossoming altar of Fedhas.
  2324 | D:3      | Found an ancient bone altar of Kikubaaqudgha.
  2540 | D:4      | HP: 3/91 [gnoll/halberd (12)]
  2540 | D:4      | Slain by a gnoll

Skill      XL: |  1  2  3  4  5  6 |
---------------+-------------------+-----
Fighting       | 4 5 |  5.4
Axes           | 4 5 6 7 |  7.7
Armour         | 3 4 |  4.6
Dodging        | 3 |  3.5
Stealth        | |  0.9

Action                   |  1- 3 |  4- 6 |  7- 9 || total
-------------------------+-------+-------+-------++-------
Melee: Hand axe          |    75 |   123 |    23 ||   221
       Headbutt          |     7 |    18 |     5 ||    30
Invok: Berserk           |       |       |     1 ||     1
 Stab: Invisible         |       |     1 |       ||     1
       Paralysed         |       |     1 |       ||     1
  Eat: Chunk             |       |     2 |       ||     2
       Ration            |       |     1 |       ||     1
Armor: Animal skin       |     4 |       |       ||     4
       Scale mail        |    25 |    47 |    10 ||    82
Dodge: Dodged            |    35 |    62 |    28 ||   125
